 Dungeon Crawl Stone Soup version 0.24.0-37-gcf1ca852f1 (webtiles) character file.

Game seed: 4548904625415222782, levelgen mode: deterministic

119 PentaManta the Slasher (level 4, 0/33 HPs)
             Began as a Vampire Gladiator on Dec 4, 2019.
             Slain by Terence
             ... wielding a +0 flail
              (5 damage)
             ... on level 3 of the Dungeon.
             The game lasted 00:03:35 (1580 turns).

PentaManta the Slasher (Vampire Gladiator)          Turns: 1580, Time: 00:03:36

Health: 0/33       AC:  4    Str: 13    XL:     4   Next: 74%
Magic:  4/4        EV: 13    Int: 10    God:
Gold:   178        SH:  0    Dex: 16    Spells: 3/3 levels left

rFire    . . .     SeeInvis +   a - +0 long sword
rCold    . . .     Gourm    .   (no shield)
rNeg     . . .     Faith    .   b - +0 leather armour
rPois    .         Spirit   .   c - +0 helmet
rElec    .         Reflect  .   (no cloak)
rCorr    .         Harm     .   (no gloves)
MR       .....                  (no boots)
Stlth    +.........             (no amulet)
HPRegen  0.31/turn              (no ring)
MPRegen  0.09/turn              (no ring)

@: regenerating quickly, slowed, lightly drained, very slow
A: no food, fangs 3, see invisible, unbreathing
a: Exsanguinate


You were on level 3 of the Dungeon.
You were alive.

You visited 1 branch of the dungeon, and saw 3 of its levels.

You collected 178 gold pieces.

Inventory:

Hand Weapons
 a - a +0 long sword (weapon)
Missiles
 d - 3 throwing nets (quivered)
Armour
 b - a +0 leather armour (worn)
 c - a +0 helmet (worn)
Scrolls
 h - 2 scrolls of enchant weapon {unknown}
 i - a scroll of identify {unknown}
 j - 3 scrolls of amnesia {unknown}
 k - a scroll of teleportation {unknown}
 l - a scroll of noise {unknown}
 m - a scroll of enchant armour {unknown}
Potions
 e - a potion of agility {unknown}
 f - a potion of haste {unknown}
 g - 2 potions of heal wounds {unknown}
 n - a potion of might {unknown}


   Skills:
 - Level 1.7(1.3) Fighting
 + Level 5.5(5.1) Long Blades
 - Level 1.5(1.1) Throwing
 - Level 3.2(2.8) Dodging


You had 3 spell levels left.
You didn't know any spells.
Your spell library was empty.

Dungeon Overview and Level Annotations

Branches:
Dungeon (3/15)

Altars:

Annotations:
D:3 Terence


Innate Abilities, Weirdness & Mutations

You do not eat.
Your natural rate of healing is unusually fast.
You have razor-sharp teeth.
You have supernaturally acute eyesight. (SInv)
You can survive without breathing.


Message History

You slash Terence!
Terence is heavily wounded.
The orc wizard hits you but does no damage.
Terence hits you with a +0 flail!
The orc wizard hits you but does no damage.
Terence barely misses you.
You barely miss Terence. You bite Terence.
Terence is heavily wounded.
The orc wizard closely misses you.
The orc wizard hits you but does no damage.
Terence closely misses you. The orc wizard misses you.
You barely miss Terence.
Terence is heavily wounded.
The orc wizard points at you and mumbles some strange words.
The magic dart hits you!
* * * LOW HITPOINT WARNING * * *
Terence hits you but does no damage.
The orc wizard hits you but does no damage.
Terence hits you with a +0 flail.
You die...

#..†..................#
#.###.#.##.#####......#
#.###...##.##.....###.##
#.....#.##>.............
#######.......##......##
####.#......#####
#...........#
#o##.#.###### #@##.#.#
#@##.#.# #.###### #)#
#.# #.. ###


You could see Terence and an orc wizard.

Vanquished Creatures
  2 adders (D:2)
  3 dart slugs
  A leopard gecko (D:1)
  12 orcs (D:3)
  7 bats
  2 giant cockroaches (D:2)
  8 goblins
  9 hobgoblins
  11 jackals
  4 frilled lizards
  12 kobolds
  4 rats
75 creatures vanquished.

Notes
Turn   | Place    | Note
-------+----------+-------------------------------------------
     0 | D:1      | PentaManta the Vampire Gladiator began the quest for the
                  | Orb.
     0 | D:1      | Reached XP level 1. HP: 16/16 MP: 1/1
    44 | D:1      | Reached XP level 2. HP: 17/22 MP: 2/2
   112 | D:1      | Reached skill level 4 in Long Blades
   214 | D:1      | Reached XP level 3. HP: 24/27 MP: 3/3
   807 | D:2      | Reached XP level 4. HP: 30/33 MP: 4/4
  1005 | D:2      | Reached skill level 5 in Long Blades
  1573 | D:3      | Noticed Terence
  1580 | D:3      | Slain by Terence

Levels and vault maps discovered:
D:1:      kennysheep_arrival_forest, layout_basic, minmay_misc_feat_tiny
D:2:      layout_basic
D:3:      layout_basic, overflow_temple_1_default, uniq_terence, uniq_robin

Skill      XL: |  1  2  3  4 |
---------------+-------------+-----
Long Blades    | 4 5 |  5.5
Fighting       | |  1.7
Throwing       | |  1.5
Dodging        | |  3.2

Action                   |  1- 3 |  4- 6 || total
-------------------------+-------+-------++-------
Melee: Long sword        |    87 |    94 ||   181
       Bite              |     7 |     9 ||    16
 Stab: Sleeping          |     1 |       ||     1
       Distracted        |       |     1 ||     1
Armor: Leather armour    |    26 |    27 ||    53
Dodge: Dodged            |    83 |    84 ||   167
       Rpst.: Long sword |    26 |    17 ||    43
